[Event "*** SCC Grand Prix: Titled Tuesday Blitz"]
[Site "Chess.com"]
[Date "2020.07.14"]
[Round "9"]
[White "EfM13"]
[Black "MateSchmate"]
[Result "1-0"]
[WhiteElo "2257"]
[BlackElo "2385"]
[TimeControl "180+1"]
[EndTime "11:47:09 PDT"]
[Termination "EfM13 won on time"]

1. e4 e6 2. d4 d5 3. Nd2 a6 4. Ngf3 Nf6 5. Bd3 c5 6. exd5 Nxd5 7.
O-O Nc6 8. dxc5 Bxc5 9. Ne4 Be7 10. c3 Qc7 11. Bc2 b5 12. Bg5 Bb7 13. a4 O-O 14. Qd3 f5 15. Ng3 Ne5 16. Nxe5 Bxg5 17. Nf3 Nf4 18. Qd1 Bf6 19. Bb3 Rad8 20. Qc2 Bxf3 21. gxf3 Qc6 22. Qxf5 Qxf3 23. Bxe6+ Kh8 24. Qe4 Qxe4 25. Nxe4 Rfe8 26. Bf5 Re5 27. Ng3 Bh4 28.
Bg4 Rg5 29. Bf3 Rd3 30. Be4 Rd2 31. Rad1 Rxd1 32. Rxd1 Re5 33. Bf3 Ng6 34. axb5 1-0

[Event "*** SCC Grand Prix: Titled Tuesday Blitz"]
[Site "Chess.com"]
[Date "2020.07.14"]
[Round "9"]
[White "Hikaru"]
[Black "GadimbayliA"]
[Result "1-0"]
[WhiteElo "3192"]
[BlackElo "2878"]
[TimeControl "180+1"]
[EndTime "11:47:10 PDT"]
[Termination "Hikaru won on time"]

1. Nf3 d5 2. e3 Nf6 3. c4 c6 4. d4 g6 5. Nbd2 Bg7 6. b3 O-O 7. Bb2 b6 8. Bd3 Bb7 9. O-O Nbd7 10. cxd5 cxd5 11. Qe2 e6 12. a4 Nb8 13. Ba3 Re8 14.
Bb5 Nfd7 15. e4 a6 16. Bd3 Nc6 17. Bb2 Nb4 18. e5 Nxd3 19. Qxd3 Nb8 20. b4 Nc6 21. b5 axb5 22. axb5 Na5 23. Ba3 Qd7 24. Bd6 Rec8 25. Rac1 Nc4 26. Nxc4 Qxb5 27. Nb2 Qxb2 28. Rb1 Qa2 29. Qe3 Ba6 30. Rfe1 Qa5 31. h4 b5 32. h5 Bb7 33. h6 Bh8 34. Bc5 Bc6 35. g4 Qd8 36. g5 Ra4 37. Rb3 Rca8 38. Reb1 Qa5 39. Kg2 Qc7 40. Nh2 Rc4 41. Bd6 Qd8 42. Rd3 Raa4 43.
Ng4 b4 44. Rdb3 Qa5 45. Qf4 Qd8 46. Rxb4 Raxb4 47. Bxb4 Ba4 48. Bd6 Bc2 49. Rb8 Rc8 50. Rxc8 Qxc8 51. Nf6+ Bxf6 52. Qxf6 Be4+ 53. Kh2 1-0

[Event "*** SCC Grand Prix: Titled Tuesday Blitz"]
[Site "Chess.com"]
[Date "2020.07.14"]
[Round "9"]
[White "Oligan22"]
[Black "RobertoJBM"]
[Result "0-1"]
[WhiteElo "2457"]
[BlackElo "2623"]
[TimeControl "180+1"]
[EndTime "11:47:10 PDT"]
[Termination "RobertoJBM won on time"]

1. e4 c6 2. Nf3 d5 3. Nc3 dxe4 4. Nxe4 Bg4 5. h3 Bxf3 6. Qxf3 Nd7 7. d4 Ndf6 8. c3 Nxe4 9. Qxe4 Nf6 10. Qf3 Qd5 11.
Qxd5 Nxd5 12. Be2 e6 13. O-O Bd6 14. Rd1 O-O-O 15. a3 Rd7 16. Be3 Bf4 17. Rd3 Bxe3 18. fxe3 f5 19. Bf3 Rhd8 20. Kf2 g6 21. Rdd1 Nf6 22. b4 Kc7 23. a4 a6 24. c4 Kd6 25.
b5 axb5 26. axb5 c5 27. b6 e5 28. dxe5+ Kxe5 29. Rxd7 Rxd7 30. Ra7 Ne4+ 31. Bxe4 fxe4 32. Ke2 Kd6 33. Ra8 Kc6 34. Re8 Kxb6 35. Rxe4 Ka5 36. h4 Kb4 37. g4 b5 38. cxb5+ c4 39. b6 Kc5 40. Re6 Rb7 41. Re8 Rxb6 42. Rc8+ Rc6 43. Rh8 Rc7 44. Kd2 Kd5 45. Re8 c3+ 46. Kc2 Rc4 47.
h5 g5 48. Re7 Rxg4 49. Kxc3 h6 50. Rh7 Rc4+ 51. Kd3 Rc6 52. Rf7 Ke5 53. Rf8 Ra6 54. Ke2 g4 55. Rg8 Ra2+ 56. Kf1 Ke4 57. Rg6 Kxe3 58. Rxg4 Kf3 0-1

[Event "*** SCC Grand Prix: Titled Tuesday Blitz"]
[Site "Chess.com"]
[Date "2020.07.14"]
[Round "9"]
[White "theblitzchamp"]
[Black "Jospem"]
[Result "1-0"]
[WhiteElo "2675"]
[BlackElo "2807"]
[TimeControl "180+1"]
[EndTime "11:47:11 PDT"]
[Termination "theblitzchamp won by resignation"]

1. d4 Nf6 2. Bf4 e6 3. e3 b6 4. Nd2 Bb7 5. Ngf3 Be7 6. c3 O-O 7. Bd3 c5 8. O-O cxd4 9. exd4 d6 10. Re1 Nbd7 11. h3 Re8 12. Qc2 h6 13. Rad1 Qc7 14. Nf1 a6 15. Qe2 Bf8 16. Bb1 b5 17. Ne3 Bc6 18. Ng4 Qb7 19. Qe3 Nd5 20. Qd2 Nxf4 21. Qxf4 Rad8 22. Re3 Bd5 23. Rde1 Qc6 24. Qg3 Kh8 25.
Qh4 Be7 26. Qh5 f5 27. Nxh6 gxh6 28. Qxh6+ Kg8 29. Rxe6 Bxe6 30. Rxe6 Bf6 31. Bxf5 Bg7 32. Qh7+ Kf8 33. Ng5 Qd5 34. Qg6 Re7 35. Rxe7 Kxe7 36. Qxg7+ Ke8 37. Bg6+ 1-0

[Event "*** SCC Grand Prix: Titled Tuesday Blitz"]
[Site "Chess.com"]
[Date "2020.07.14"]
[Round "9"]
[White "OparinGrigoriy"]
[Black "tigra"]
[Result "1-0"]
[WhiteElo "2930"]
[BlackElo "2839"]
[TimeControl "180+1"]
[EndTime "11:47:12 PDT"]
[Termination "OparinGrigoriy won on time"]

1. Nf3 c5 2. c4 Nf6 3. d4 cxd4 4. Nxd4 d5 5. cxd5 Nxd5 6. Bd2 g6 7. Nc3 Bg7 8. Ndb5 Nxc3 9. Bxc3 Bxc3+ 10. Nxc3 O-O 11. g3 Nc6 12. Bg2 Qb6 13. Qc1 Be6 14. h4 f6 15. O-O Rfd8 16. Re1 Rac8 17. h5 Nd4 18. hxg6 hxg6 19. Qh6 Bf7 20. Rab1 f5 21. e4 Nc2 22.
Rf1 Nd4 23. exf5 Nxf5 24. Qg5 Rc7 25. Ne4 Kg7 26. g4 Nd4 27. Qe5+ Kg8 28. Ng5 Qd6 29. Qe3 Bd5 30. Qxd4 Rc4 31. Qxd5+ Qxd5 32. Bxd5+ Rxd5 33. f4 e5 34. Rbe1 exf4 35. Nf3 1-0

[Event "*** SCC Grand Prix: Titled Tuesday Blitz"]
[Site "Chess.com"]
[Date "2020.07.14"]
[Round "9"]
[White "Joseacorrea"]
[Black "MVM2008"]
[Result "1/2-1/2"]
[WhiteElo "1972"]
[BlackElo "2215"]
[TimeControl "180+1"]
[EndTime "11:47:12 PDT"]
[Termination "Game drawn - insufficient material"]

1. c4 Nf6 2. Nc3 d5 3. cxd5 Nxd5 4. e4 Nxc3 5. bxc3 g6 6. d4 Bg7 7. Nf3 O-O 8. Be3 c5 9. Rb1 Nc6 10. Bb5 cxd4 11. cxd4 Bg4 12. Bxc6 bxc6 13. h3 Bxf3 14. gxf3 Qa5+ 15. Qd2 Qxd2+ 16. Kxd2 Rad8 17. Rb7 Bxd4 18. Bxd4 Rxd4+ 19. Ke3 Ra4 20. Ra1 e5 21. Rc7 Rc4 22. Rxa7 f5 23. Re7 fxe4 24. fxe4 Rc3+ 25. Ke2 Rc2+ 26.
Kd3 Rcxf2 27. Rxe5 R8f3+ 28. Kd4 Rxh3 29. a4 Rd2+ 30. Kc5 Rc3+ 31. Kb6 Rb2+ 32. Kc7 Kf7 33. a5 Rb5 34. Rxb5 cxb5+ 35. Kb6 Rc8 36. Kxb5 Kf6 37. a6 Ke5 38. Rh1 Kxe4 39. Rxh7 g5 40. a7 g4 41. Kb6 g3 42. Rg7 Kf3 43. Kb7 Rf8 44. a8=Q Rxa8 45. Kxa8 g2 46. Kb7 Kf2 47.
Rf7+ Kg3 48. Rg7+ Kh2 49. Rh7+ Kg3 50. Rg7+ Kh2 51. Kc6 g1=Q 52. Rxg1 Kxg1 1/2-1/2

[Event "*** SCC Grand Prix: Titled Tuesday Blitz"]
[Site "Chess.com"]
[Date "2020.07.14"]
[Round "9"]
[White "doctorcristian"]
[Black "antoszu"]
[Result "0-1"]
[WhiteElo "2406"]
[BlackElo "2540"]
[TimeControl "180+1"]
[EndTime "11:47:13 PDT"]
[Termination "antoszu won on time"]

1. d4 Nf6 2. Nc3 d5 3. Bf4 a6 4.
e3 e6 5. a3 c5 6. Nf3 Nc6 7. Ne5 Qb6 8. Nxc6 Qxc6 9. Bd3 Be7 10. O-O O-O 11. dxc5 Qxc5 12. e4 d4 13. Ne2 e5 14.
Bd2 Rd8 15. Ng3 Qc6 16. Qe2 g6 17. h3 Be6 18. f4 exf4 19. Bxf4 Nd7 20. Bh6 Nc5 21.
Nf5 Bxf5 22. exf5 Bf8 23. Bxf8 Rxf8 24. f6 h6 25. Qg4 Nxd3 26. cxd3 Rae8 27. Qxd4 Rd8 28.
Qf4 Kh7 29. d4 Qc4 30. Rad1 Rd5 31. Rd2 Rf5 32. Qxf5 gxf5 33. Kh2 Rd8 34. Rf3 Rxd4 35. Rdf2 Rd5 36. h4 Qxh4+ 0-1

[Event "*** SCC Grand Prix: Titled Tuesday Blitz"]
[Site "Chess.com"]
[Date "2020.07.14"]
[Round "9"]
[White "kuban1991"]
[Black "Msb2"]
[Result "1-0"]
[WhiteElo "2777"]
[BlackElo "2869"]
[TimeControl "180+1"]
[EndTime "11:47:14 PDT"]
[Termination "kuban1991 won by checkmate"]

1. Nf3 d5 2. g3 Nc6 3. d4 Bf5 4. Bg2 Nb4 5. Na3 e6 6. O-O Be7 7. c3 Nc6 8. Qb3 Rb8 9. Qa4 Nf6 10. Ne5 O-O 11. Nxc6 bxc6 12. Qxc6 Qc8 13. Qa4 c5 14. dxc5 Bxc5 15. Nc2 h6 16. Nd4 Bh7 17. Nb3 Bb6 18.
Bf4 Rb7 19. c4 dxc4 20. Bxb7 Qxb7 21. Qxc4 Rc8 22. Qa4 Bf5 23. Rfc1 e5 24. Rxc8+ Qxc8 25. Rc1 Qe6 26. Be3 Bxe3 27. fxe3 Be4 28. Nc5 Qh3 29. Nxe4 Ng4 30. Rc8+ Kh7 31. Ng5+ hxg5 32. Qe4+ g6 33. Qg2 Qh5 34. h3 Nf6 35. Qf3 Qxh3 36. Rc6 Ng8 37.
Qxf7+ Kh8 38. Rxg6 Qxg3+ 39. Kf1 Qh3+ 40. Ke1 Qh4+ 41. Kd1 Qh1+ 42. Kd2 Qa8 43. Qg7# 1-0

[Event "*** SCC Grand Prix: Titled Tuesday Blitz"]
[Site "Chess.com"]
[Date "2020.07.14"]
[Round "9"]
[White "viktorskliarov"]
[Black "Gabrielian_Artur"]
[Result "1-0"]
[WhiteElo "2618"]
[BlackElo "2794"]
[TimeControl "180+1"]
[EndTime "11:47:14 PDT"]
[Termination "viktorskliarov won on time"]

1. e4 c5 2. Nf3 d6 3. d4 cxd4 4. Qxd4 Nc6 5. Bb5 Bd7 6. Bxc6 Bxc6 7. Nc3 Nf6 8. Bg5 e6 9. O-O-O Be7 10. Rhe1 O-O 11. Kb1 h6 12. Bh4 Re8 13. Bg3 d5 14. e5 Ne4 15. Nxe4 dxe4 16. Qe3 Qa5 17. Nd2 Bg5 18. Bf4 Bxf4 19. Qxf4 Bd5 20. c4 Bc6 21. Nxe4 Red8 22. Nd6 Rd7 23. Re3 Rad8 24. Rg3 Kf8 25. b3 Qc5 26. Kb2 a5 27. Qd4 Qxd4+ 28. Rxd4 b6 29.
f4 f6 30. Rd2 h5 31. Rgd3 Ke7 32. Kc3 Rf8 33. a3 fxe5 34. fxe5 Rf1 35. Nc8+ Ke8 36. Rxd7 Bxd7 37. Nxb6 Bc6 38. b4 axb4+ 39. axb4 Rc1+ 40. Kd4 Re1 41. Kc5 Be4 42. Kd6 Bf5 43. c5 Rb1 44. Rd4 1-0

[Event "*** SCC Grand Prix: Titled Tuesday Blitz"]
[Site "Chess.com"]
[Date "2020.07.14"]
[Round "9"]
[White "doons21"]
[Black "Lenyas66"]
[Result "1-0"]
[WhiteElo "2651"]
[BlackElo "2500"]
[TimeControl "180+1"]
[EndTime "11:47:14 PDT"]
[Termination "doons21 won on time"]

1. e4 e6 2. d3 d5 3. Nd2 c5 4.
Ngf3 Nc6 5. g3 g6 6. Bg2 Bg7 7. O-O Nge7 8. Re1 O-O 9. c3 d4 10. cxd4 cxd4 11. Rb1 a5 12. a4 Nb4 13. Nc4 Nec6 14.
Bf4 f6 15. e5 g5 16. exf6 Bxf6 17. Bc1 h6 18. Nfe5 Nxe5 19. Nxe5 Qc7 20. Nc4 Rf7 21. Be4 Bd7 22. Bd2 Raf8 23. b3 Bg7 24. Rf1 Bc6 25. Qe2 Bxe4 26. Qxe4 Qc6 27. Bxb4 Qxe4 28. dxe4 axb4 29. e5 Rf3 30. Kg2 Rc3 31. Rfd1 d3 32. Rd2 Rd8 33. Na5 b6 34. Nc4 Rd5 35. f4 gxf4 36.
gxf4 Rd4 37. Kf3 h5 38. Rg1 Kh7 39. Ke3 Bh6 40. Kxd4 1-0

[Event "*** SCC Grand Prix: Titled Tuesday Blitz"]
[Site "Chess.com"]
[Date "2020.07.14"]
[Round "9"]
[White "Zq1"]
[Black "wannabe2700"]
[Result "0-1"]
[WhiteElo "2479"]
[BlackElo "2652"]
[TimeControl "180+1"]
[EndTime "11:47:14 PDT"]
[Termination "wannabe2700 won by checkmate"]

1. d4 f5 2. Nf3 Nf6 3. Bg5 e6 4. Nbd2 d5 5. e3 Be7 6. Bd3 Ne4 7. Bxe7 Qxe7 8. O-O O-O 9. c4 c6 10. Ne5 Nd7 11.
Nxd7 Bxd7 12. f3 Nd6 13. Qb3 b6 14. Rae1 Qg5 15. Qa3 Nf7 16. Qc3 Nh6 17. f4 Qe7 18. b4 g5 19. Nf3 Nf7 20. fxg5 Nxg5 21. Nxg5 Qxg5 22. Rf3 Kh8 23. b5 Rg8 24. Rg3 Qh4 25. Rxg8+ Rxg8 26. Rf1 Rg6 27. cxd5 cxd5 28. Qc7 Qg5 29.
Qe5+ Kg8 30. g3 h5 31. Rc1 h4 32. Rc7 hxg3 33. hxg3 Rg7 34. Rxa7 Qh5 35. Bf1 Qf3 36. Bg2 Rxg3 37. Ra8+ Kf7 38. Re8 Qxg2# 0-1

[Event "*** SCC Grand Prix: Titled Tuesday Blitz"]
[Site "Chess.com"]
[Date "2020.07.14"]
[Round "9"]
[White "KyrgyzFighter"]
[Black "ljuks68"]
[Result "1-0"]
[WhiteElo "2302"]
[BlackElo "2436"]
[TimeControl "180+1"]
[EndTime "11:47:14 PDT"]
[Termination "KyrgyzFighter won on time"]

1. c4 c6 2. Nc3 d5 3. d4 Nf6 4. cxd5 cxd5 5. Bf4 Nc6 6. e3 Bf5 7. Qb3 Na5 8. Qa4+ Bd7 9. Qc2 e6 10. Bd3 Nc6 11. a3 Nh5 12. Bg3 g6 13. Nf3 Nxg3 14. hxg3 Bg7 15. O-O O-O 16. b4 Rc8 17. Rac1 h5 18.
Qd2 Qe7 19. Rfe1 Rfd8 20. Qe2 Be8 21. Nd2 e5 22. dxe5 Nxe5 23. Nb3 h4 24. g4 h3 25. Nxd5 Qh4 26. Rxc8 Rxc8 27. Nf4 hxg2 28. Nxg2 Qd8 29. Rd1 Qe7 30. Nc5 Bc6 31. Bc4 Nf3+ 32. Kf1 Qg5 33. e4 Qxg4 34. Rd3 Nh2+ 35. Ke1 Qh3 36. Rxh3 1-0

[Event "*** SCC Grand Prix: Titled Tuesday Blitz"]
[Site "Chess.com"]
[Date "2020.07.14"]
[Round "9"]
[White "mishikomchedlishvili"]
[Black "Izoria123"]
[Result "0-1"]
[WhiteElo "2769"]
[BlackElo "2894"]
[TimeControl "180+1"]
[EndTime "11:47:15 PDT"]
[Termination "Izoria123 won on time"]

1. e4 c5 2. Ne2 d6 3. g3 d5 4. d3 dxe4 5. dxe4 Qxd1+ 6. Kxd1 Bg4 7. Bg2 Nc6 8. f3 O-O-O+ 9. Nd2 Bd7 10. c3 Ne5 11. a4 f5 12. Kc2 Nf6 13. Nf4 e6 14.
Re1 Bd6 15. Ne2 Bc7 16. f4 Neg4 17. Nc4 Nxe4 18. Bxe4 fxe4 19. h3 Nf2 20. Be3 Nd3 21.
Red1 e5 22. Nxe5 Bxe5 23. fxe5 b6 24. Nf4 Nxf4 25. Bxf4 Bxh3 26. Rxd8+ Rxd8 27. Rd1 Rxd1 28. Kxd1 Kd7 29. e6+ Bxe6 30. a5 bxa5 31. Kd2 Kc6 32. Be5 g6 33. Ke3 Bf5 34. Bb8 a6 35. Be5 a4 36. Bf6 Kb5 37. Be7 Kc4 38. Kd2 Kb3 0-1

[Event "*** SCC Grand Prix: Titled Tuesday Blitz"]
[Site "Chess.com"]
[Date "2020.07.14"]
[Round "9"]
[White "novocane"]
[Black "tlomigtlis"]
[Result "1-0"]
[WhiteElo "2271"]
[BlackElo "2399"]
[TimeControl "180+1"]
[EndTime "11:47:16 PDT"]
[Termination "novocane won by checkmate"]

1. d4 d5 2. c4 c6 3. cxd5 cxd5 4. Bf4 Nf6 5. Nc3 a6 6. e3 Nc6 7. Bd3 Bg4 8. f3 Bh5 9. Nge2 e6 10. O-O Be7 11. Rc1 O-O 12. a3 Rc8 13. Rf2 Na5 14. Ng3 Bg6 15. Re2 Qb6 16. Bxg6 hxg6 17. Rec2 Nc4 18.
b3 Nxa3 19. Nxd5 Nxd5 20. Rxc8 g5 21. Bc7 Qb4 22. Rxf8+ Bxf8 23. e4 Nf4 24. Bxf4 gxf4 25. Ne2 g5 26. Qd3 Nb5 27. h3 Bg7 28. e5 Bf8 29. h4 gxh4 30. Kh2 Qe7 31. Rc8 Qd7 32. Ra8 Qd5 33. Qe4 Qxe4 34. fxe4 Kg7 35. d5 exd5 36. exd5 Nc7 37. Rd8 Be7 38. Rd7 Nb5 39. Rxe7 Na3 40.
e6 Nc2 41. Rxf7+ Kg6 42. Nxf4+ Kg5 43. e7 Ne3 44. e8=Q Ng4+ 45. Kg1 Nf6 46. Qe7 Kf5 47. Qxf6+ Kg4 48. Ne6 h3 49. Qf5+ Kh4 50. Rh7+ Kg3 51. Rxh3# 1-0

[Event "*** SCC Grand Prix: Titled Tuesday Blitz"]
[Site "Chess.com"]
[Date "2020.07.14"]
[Round "9"]
[White "Colombiano07"]
[Black "romulocardoso"]
[Result "0-1"]
[WhiteElo "2312"]
[BlackElo "2127"]
[TimeControl "180+1"]
[EndTime "11:47:17 PDT"]
[Termination "romulocardoso won on time"]

1. d4 Nf6 2. Nf3 e6 3. Bf4 b6 4. Nbd2 Bb7 5. e3 d5 6. Bb5+ Nbd7 7. Ne5 Bd6 8. c3 O-O 9. Nc6 Qe8 10. Bxd6 cxd6 11.
Nb4 a6 12. Be2 a5 13. Nd3 Ba6 14. O-O Ne4 15. Nxe4 dxe4 16. Nf4 Nf6 17. Qb3 e5 18. Bxa6 Rxa6 19. Nd5 Qe6 20. Nxf6+ Qxf6 21. Qd5 exd4 22.
cxd4 Qe6 23. Qb7 Rfa8 24. d5 Qc8 25. Qc6 Qxc6 26. dxc6 b5 27. Rac1 Rc8 28. c7 Ra7 29.
Rcd1 Ra6 30. Rc1 Ra7 31. Rc6 Raxc7 32. Rxd6 Rc2 33. Ra6 Rxb2 34. Rxa5 h6 35. h4 Rcc2 36. a4 b4 37. Rb5 b3 38. a5 Rc6 39. Ra1 Rcc2 40. Rf1 Ra2 41. Rxb3 Rxa5 42. Rb4 f5 43. h5 g6 44. Rb8+ Kg7 45. Rb7+ Kg8 46. hxg6 Rc6 47.
g7 Rg6 48. Rc1 Rxg7 49. Rb6 Kh7 50. Rcc6 Ra1+ 51. Kh2 Ra2 52. Rxh6+ Kg8 53. Kg1 Ra1+ 54. Kh2 Ra2 55. Rhg6 Rxf2 56. Kg3 Re2 57. Kf4 Rf2+ 58. Ke5 f4 59. exf4 e3 60. Rxg7+ Kxg7 0-1

[Event "*** SCC Grand Prix: Titled Tuesday Blitz"]
[Site "Chess.com"]
[Date "2020.07.14"]
[Round "9"]
[White "ailime26"]
[Black "ChessBitl"]
[Result "0-1"]
[WhiteElo "1891"]
[BlackElo "2303"]
[TimeControl "180+1"]
[EndTime "11:47:17 PDT"]
[Termination "ChessBitl won on time"]

1. e4 c5 2. Nf3 Nc6 3. d4 cxd4 4. Nxd4 g6 5. c4 Nf6 6. Nc3 d6 7. Be2 Nxd4 8. Qxd4 Bg7 9. Qd1 O-O 10. Be3 Be6 11. O-O Qa5 12. Bd3 Rfc8 13. Qe2 Ng4 14. Bd2 Ne5 15. Nd5 Qd8 16. Rac1 Nxd3 17. Qxd3 Bxb2 18. Rb1 Bg7 19. Rxb7 Bxd5 20. cxd5 a5 21. a4 Bf6 22. Rfb1 Rc5 23. Be3 Rc3 24. Qb5 Rac8 25. g3 h5 26. Bb6 Qe8 27. Qxe8+ Rxe8 28. Bxa5 Rc4 29. R1b4 Rec8 30.
Rb8 Rxb8 31. Rxb8+ Kg7 32. Rb4 Rc2 33. Bb6 h4 34. a5 h3 35. f4 Rg2+ 36. Kh1 Ra2 37.
Kg1 Bc3 38. Rb1 Kf6 39. Rc1 Bxa5 40. Bd4+ e5 41. dxe6+ Kxe6 42. Bf2 Bb4 43. Rd1 Bc5 44. Bxc5 dxc5 45. Kh1 Rc2 46. Kg1 c4 0-1

[Event "*** SCC Grand Prix: Titled Tuesday Blitz"]
[Site "Chess.com"]
[Date "2020.07.14"]
[Round "9"]
[White "Haapana"]
[Black "Mikasinski"]
[Result "0-1"]
[WhiteElo "2348"]
[BlackElo "2496"]
[TimeControl "180+1"]
[EndTime "11:47:18 PDT"]
[Termination "Mikasinski won on time"]

1. d4 Nf6 2. c4 g6 3. Nf3 Bg7 4. g3 O-O 5. Bg2 d6 6. O-O Nc6 7. Nc3 a6 8. b3 Bd7 9. Bb2 e5 10. Nd5 Nxd5 11. cxd5 Nxd4 12. Nxd4 exd4 13. Bxd4 Re8 14.
e3 Rc8 15. Rc1 Bb5 16. Re1 Bxd4 17. Qxd4 a5 18. Rc3 c5 19. dxc6 bxc6 20. Rd1 d5 21. a4 Be2 22. Rdc1 Rb8 23. Rxc6 Rxb3 24. Bxd5 Rb4 25.
Qc5 Rxa4 26. Rc7 Rf8 27. h4 h5 28. e4 Qf6 29. Rc6 Qb2 30. Rxg6+ Kh7 31. Rg5 Ra1 32. Rxa1 Qxa1+ 33. Kg2 Qf1+ 34. Kh2 Bf3 0-1

[Event "*** SCC Grand Prix: Titled Tuesday Blitz"]
[Site "Chess.com"]
[Date "2020.07.14"]
[Round "9"]
[White "SergeyKarjakin"]
[Black "GOGIEFF"]
[Result "1-0"]
[WhiteElo "2983"]
[BlackElo "2899"]
[TimeControl "180+1"]
[EndTime "11:47:19 PDT"]
[Termination "SergeyKarjakin won by resignation"]

1. e4 c5 2. Nf3 Nc6 3. Nc3 d6 4. d4 cxd4 5. Nxd4 Nf6 6. Bg5 e6 7.
Qd2 a6 8. O-O-O h6 9. Nxc6 bxc6 10. Bf4 d5 11. Qe3 Bb4 12. Be2 O-O 13. e5 Nd7 14. h4 Rb8 15. Bxh6 f6 16. exf6 Nxf6 17. Bxg7 Kxg7 18.
Qg3+ Kh8 19. Qxb8 Bd6 20. Qa7 e5 21. Bxa6 Bf5 22. h5 Qa5 23. h6 Bd7 24. Rd3 Bc5 25.
Qb7 e4 26. Rg3 Bd6 27. Rg6 Qd8 28. Be2 d4 29. Rxf6 Rxf6 30. Nxe4 Bf4+ 31. Kb1 Re6 32.
Bd3 Qe7 33. a4 c5 34. Nxc5 Re1+ 35. Rxe1 Qxe1+ 36. Ka2 1-0

[Event "*** SCC Grand Prix: Titled Tuesday Blitz"]
[Site "Chess.com"]
[Date "2020.07.14"]
[Round "9"]
[White "Azatic"]
[Black "eljanov"]
[Result "0-1"]
[WhiteElo "2634"]
[BlackElo "2850"]
[TimeControl "180+1"]
[EndTime "11:47:19 PDT"]
[Termination "eljanov won by checkmate"]

1. e4 e5 2. Nf3 Nc6 3. Bb5 Nf6 4. d3 Bc5 5. c3 d5 6. Nbd2 O-O 7. O-O dxe4 8.
dxe4 a5 9. Qe2 Qe7 10. h3 a4 11.
Re1 Nb8 12. Nf1 c6 13. Bd3 Nh5 14. g4 Nf6 15. Ng3 Na6 16. Bg5 h6 17. Bh4 g5 18.
Nxg5 hxg5 19. Bxg5 Qd6 20. Rad1 Nh7 21. Bc4 Qg6 22.
Be3 Be6 23. Nf5 Bxf5 24. exf5 Qf6 25. Bxa6 Bxe3 26. Bxb7 Bf4 27. Bxa8 Rxa8 28. Qf3 Rb8 29. Re2 Kg7 30. Qg2 Qh4 31. Rd3 Ng5 32. f6+ Kxf6 33. Qxc6+ Kg7 34. Kg2 Rh8 35. Qxa4 Nxh3 36. Kf1 Qxg4 37.
Ke1 Qg1# 0-1

[Event "*** SCC Grand Prix: Titled Tuesday Blitz"]
[Site "Chess.com"]
[Date "2020.07.14"]
[Round "9"]
[White "mfwagnerpeixoto"]
[Black "VladimirBugayev"]
[Result "1-0"]
[WhiteElo "2233"]
[BlackElo "2095"]
[TimeControl "180+1"]
[EndTime "11:47:19 PDT"]
[Termination "mfwagnerpeixoto won on time"]

1. e4 c6 2. d4 d5 3. f3 dxe4 4. fxe4 e5 5. Nf3 Bg4 6. Bc4 Nd7 7. O-O Ngf6 8. c3 Bh5 9. Nbd2 Bd6 10. Qe1 O-O 11. Bb3 Qc7 12. Qh4 Bg6 13. Re1 a5 14. Nc4 a4 15. Bc2 b5 16. Nxd6 Qxd6 17. Bg5 Qe6 18. dxe5 Nxe5 19. Nd4 Qd6 20. Rad1 Nfd7 21. Be7 Qc7 22. Bxf8 Rxf8 23. Qg3 Qb6 24. Kh1 c5 25.
Nf3 f6 26. Nxe5 Nxe5 27. a3 Rd8 28. Rxd8+ Qxd8 29. Qe3 Qe7 30. h3 h6 31. Qe2 Nc4 32.
Bb1 Qe5 33. Ba2 Bf7 34. Bxc4 Bxc4 35. Qe3 Bb3 36. Kg1 b4 37. axb4 cxb4 38. Qd4 Qg3 39. Re3 1-0

[Event "*** SCC Grand Prix: Titled Tuesday Blitz"]
[Site "Chess.com"]
[Date "2020.07.14"]
[Round "9"]
[White "Tonychess32"]
[Black "FMJoseHerrera"]
[Result "1-0"]
[WhiteElo "2650"]
[BlackElo "2492"]
[TimeControl "180+1"]
[EndTime "11:47:20 PDT"]
[Termination "Tonychess32 won by resignation"]

1. e4 c5 2. Nf3 e6 3. c3 Qa5 4. d3 b5 5. Be2 d6 6. O-O Nd7 7. Re1 Ngf6 8. Nbd2 Bb7 9. a4 a6 10.
Nb3 Qc7 11. axb5 axb5 12. Rxa8+ Bxa8 13. Bg5 Be7 14. Qa1 O-O 15. Nbd2 c4 16. dxc4 bxc4 17. Bxc4 Nc5 18. Bxf6 Bxf6 19. Bf1 Bb7 20. Qb1 Rb8 21. Qc2 Nd7 22. Rc1 h6 23. h3 Bd8 24. b4 Ba8 25.
Qb3 Qa7 26. Qb2 Bb6 27. Nc4 Bc7 28. Bd3 Nf6 29. Qe2 d5 30. Ncd2 Bf4 31. e5 Nh5 32. Nd4 Ng3 33. fxg3 Bxg3 34. Nf3 Bf4 35. Rf1 Rc8 36.
Qe1 Qa3 37. Ne2 Be3+ 38. Kh1 Qa2 39. Nfd4 Bd2 40. Qg3 Qb2 41. Qf3 Rc7 42. Nb5 Re7 43. Nd6 Qa2 44. Nxf7 d4 45. Nxh6+ 1-0

[Event "*** SCC Grand Prix: Titled Tuesday Blitz"]
[Site "Chess.com"]
[Date "2020.07.14"]
[Round "9"]
[White "Chessdreamer2020"]
[Black "Atanejhad"]
[Result "1-0"]
[WhiteElo "2571"]
[BlackElo "2392"]
[TimeControl "180+1"]
[EndTime "11:47:20 PDT"]
[Termination "Chessdreamer2020 won by resignation"]

1. e4 e5 2. Nf3 Nc6 3. Bb5 a6 4. Bxc6 dxc6 5. O-O f6 6. d4 exd4 7. Nxd4 Ne7 8. Ne2 Bd7 9. Nf4 Ng6 10. Qh5 Rg8 11. Nxg6 hxg6 12. Qxg6+ Ke7 13. e5 Be6 14. Re1 Qe8 15. exf6+ Kd7 16. Qd3+ Bd6 17. Bf4 gxf6 18. Nc3 Qg6 19. Qxg6 Rxg6 20. Rad1 Rag8 21. g3 Bg4 22. Rd3 Bf5 23. Rd2 c5 24. Nd5 R8g7 25. Ne3 Be6 26.
Red1 Rh7 27. Bxd6 cxd6 28. Rxd6+ Ke7 29. Rb6 Bc8 30. Re1 Kd8 31. Nd5 Rgh6 32. Rd6+ Bd7 33. Nxf6 Kc7 34. Rxd7+ Rxd7 35. Nxd7 Kxd7 36. h4 Rd6 37.
Re2 Rd1+ 38. Kg2 c4 39. h5 b5 40. g4 b4 41. g5 Rd5 42. f4 c3 43. bxc3 bxc3 44.
h6 Rd2 45. Kf3 1-0

[Event "*** SCC Grand Prix: Titled Tuesday Blitz"]
[Site "Chess.com"]
[Date "2020.07.14"]
[Round "9"]
[White "Shivagami"]
[Black "JiiHart"]
[Result "1-0"]
[WhiteElo "2212"]
[BlackElo "2091"]
[TimeControl "180+1"]
[EndTime "11:47:20 PDT"]
[Termination "Shivagami won on time"]

1. d4 Nf6 2. c4 e6 3. Nc3 c5 4. d5 exd5 5. cxd5 d6 6. e4 g6 7. f4 Bg7 8. Nf3 O-O 9. Bd3 b5 10. O-O b4 11. Ne2 Re8 12. Ng3 Ba6 13. Re1 Bxd3 14. Qxd3 Qb6 15. Be3 Ng4 16. Nd2 Nxe3 17. Rxe3 Bd4 18. Ne2 Bxe3+ 19. Qxe3 c4 20. Nd4 Qc5 21.
Qf2 Nd7 22. f5 c3 23. bxc3 Qxc3 24. Rf1 Rf8 25. f6 Ne5 26. N2b3 Qd3 27. Qf4 Kh8 28.
Qh6 Rg8 29. h3 a5 30. Rf4 g5 31. Rf5 a4 32. Rxg5 Rxg5 33. Qxg5 Rg8 34. Qh6 axb3 35. Nf5 1-0

[Event "*** SCC Grand Prix: Titled Tuesday Blitz"]
[Site "Chess.com"]
[Date "2020.07.14"]
[Round "9"]
[White "GMHess"]
[Black "EvgenyT"]
[Result "1/2-1/2"]
[WhiteElo "2772"]
[BlackElo "2912"]
[TimeControl "180+1"]
[EndTime "11:47:21 PDT"]
[Termination "Game drawn by agreement"]

1. d4 Nf6 2. c4 e6 3. Nc3 Bb4 4. Qc2 d6 5. a3 Bxc3+ 6. Qxc3 O-O 7. Nf3 b6 8. g3 Bb7 9. Bg2 Nbd7 10. O-O h6 11.
Rd1 Be4 12. Qe3 a5 13. Bh3 a4 14. Nd2 Bg6 15. b4 axb3 16. Qxb3 Qc8 17. Bg2 Ra7 18. e4 e5 19. Bb2 Qa6 20. c5 exd4 21. cxd6 Nc5 22. Qc4 cxd6 23. Qxd4 Qa4 24. Qxa4 Rxa4 25. Bxf6 gxf6 26. Nf1 Rd8 27. Rab1 Nxe4 28. Rxb6 Rxa3 29. Ne3 Kg7 30. Bxe4 Bxe4 31. Rbxd6 Rxd6 32. Rxd6 Ra1+ 33. Rd1 Ra3 34. Re1 f5 35. Nc4 Ra6 36. Nd2 Bd5 37. Nf1 Kf6 38. Ne3 Bf3 39. Ng2 Bxg2 40. Kxg2 Kg6 1/2-1/2

[Event "*** SCC Grand Prix: Titled Tuesday Blitz"]
[Site "Chess.com"]
[Date "2020.07.14"]
[Round "9"]
[White "QueenOfTactics90"]
[Black "Efremov_Vlad"]
[Result "1-0"]
[WhiteElo "2010"]
[BlackElo "2196"]
[TimeControl "180+1"]
[EndTime "11:47:21 PDT"]
[Termination "QueenOfTactics90 won by resignation"]

1. e4 c5 2. Nf3 a6 3. d4 cxd4 4. Nxd4 Nf6 5. f3 e5 6. Nb3 d5 7. Bg5 d4 8. c3 Nc6 9. cxd4 Bb4+ 10. Bd2 Bxd2+ 11. Qxd2 exd4 12. Be2 O-O 13. O-O Re8 14.
Rd1 Qb6 15. Bd3 Be6 16. Nc1 Rac8 17. Na3 Nb4 18. b3 Nxd3 19. Qxd3 Red8 20. Nc2 Rc3 21. Qd2 Rxc2 22. Qxc2 d3+ 23. Qf2 Qxf2+ 24. Kxf2 d2 25. Ne2 Rd3 26. Nf4 Rd7 27. Nxe6 fxe6 28. Ke2 Nh5 29.
g3 e5 30. Rxd2 Rc7 31. Rad1 Nf6 32. Rd8+ Kf7 33. R1d2 g6 34. h4 h5 35. Kd3 Ke7 36.
Rh8 Rd7+ 37. Ke3 Rc7 38. Rhd8 Rc3+ 39. R8d3 Rc7 40. a3 Rc6 41. b4 b5 42. Ke2 Rb6 43. Kd1 Rc6 44. Rc2 Rb6 45. Rc7+ Ke6 46. Rd8 a5 47. Ra8 Ra6 1-0